AoeStats
← Tomato

Arena

507536556Analyzed
4v4 RM · 14d ago on Sep 18, 2026· 31m 13s· 8 players
Game mode
Random Map
Map size
Large (8 player)
Population
200
Speed
Normal
Resources
Standard
Victory
Conquest
Starting age
Dark Age
Ending age
Imperial Age
RankedLock teamsTeams togetherTeam positionsShared explorationLock speedFull tech treeHidden civsTurbo modeCheats
Victory
Defeat
🇨🇳 Bulgarians · China
1446
+15
🇦🇷 Cumans · Argentina
1381
+17
🇳🇱 Wei · Netherlands
1352
+19
🇺🇸 Bohemians · United States
1342
+19
🇦🇹 Ethiopians · Austria
1425
-18
🇫🇮 Wei · Finland
1420
-18
🇫🇮 Armenians · Finland
1400
-17
🇷🇸 Portuguese · Serbia
1398
-17
The Wulf
9:24 Feudal Age
13:12 Castle Age
12:24 Double-Bit Axe
12:24 Horse Collar
18:45 Bow Saw
19:17 Gold Mining
27:21 Imperial Age
25:16 Fletching
25:39 Forging
26:30 Circumnavigation
26:55 Stone Mining
29:26 Crossbowman
Yasuo, the Unforgiven
10:05 Feudal Age
10:32 Double-Bit Axe
10:28 Horse Collar
15:13 Castle Age
13:43 Gold Mining
15:34 Bloodlines
20:05 Loom
21:43 Sanctity
28:25 Heavy Plow
29:24 Gold Shaft Mining
29:10 Bow Saw
Hector
10:19 Feudal Age
14:02 Castle Age
12:11 Double-Bit Axe
12:07 Horse Collar
12:20 Horse Collar
15:13 Bow Saw
15:03 Heavy Plow
14:51 Loom
22:03 Scale Mail Armor
22:23 Arson
23:43 Chain Mail Armor
25:58 Wheelbarrow
31:08 Imperial Age
29:04 Forging
29:12 Squires
30:47 Iron Casting
30:32 Gold Mining
30:33 Stone Mining
cro55b0w
10:21 Feudal Age
15:55 Castle Age
14:18 Double-Bit Axe
16:12 Horse Collar
16:02 Pikeman
18:16 Scale Mail Armor
18:55 Squires
22:30 Loom
26:11 Halberdier
27:16 Arson
28:34 Chain Mail Armor
29:19 Wheelbarrow
31:24 Wheelbarrow
Skirm2OP
10:52 Feudal Age
14:29 Castle Age
12:48 Double-Bit Axe
12:49 Horse Collar
15:32 Bow Saw
16:54 Fervor
20:29 Loom
26:49 Wheelbarrow
26:48 Heavy Plow
30:45 Imperial Age
29:43 Chemistry
29:44 Fletching
29:53 Elite Skirmisher
30:30 Bodkin Arrow
30:40 Padded Archer Armor
Tomato
11:04 Feudal Age
12:21 Wheelbarrow
11:59 Double-Bit Axe
11:55 Horse Collar
13:02 Gold Mining
17:37 Castle Age
16:21 Scale Barding Armor
17:15 Forging
17:22 Bloodlines
17:46 Loom
18:27 Bow Saw
18:18 Heavy Plow
19:04 Gold Shaft Mining
20:16 Husbandry
21:16 Chain Barding Armor
22:46 Iron Casting
24:27 Hand Cart
23:58 Town Watch
27:25 Stone Mining
30:40 Imperial Age
28:59 Stone Shaft Mining
29:19 Town Patrol
31:06 Treadmill Crane
32:31 Chemistry
30:55 Heavy Hei Guang Cavalry
MATE
8:47 Feudal Age
9:50 Double-Bit Axe
11:36 Horse Collar
13:15 Wheelbarrow
20:21 Castle Age
20:18 Scale Mail Armor
20:28 Forging
20:11 Gold Mining
20:36 Pikeman
21:50 Squires
22:05 Capped Ram
23:50 Chain Mail Armor
24:11 Iron Casting
25:15 Iron Casting
24:37 Arson
28:27 Hand Cart
32:18 Imperial Age
Long-Long-Way
10:58 Feudal Age
14:39 Castle Age
13:27 Loom
13:30 Double-Bit Axe
18:03 Town Watch
18:26 Scale Barding Armor
19:18 Fletching
20:37 Bodkin Arrow
25:33 Forging
27:52 Chain Barding Armor
30:23 Bow Saw
Connection lost

Rejoining the realm…

Still unreachable

The connection could not be restored.

Session expired

The server has moved on; the page needs a fresh start.